 Dungeon Crawl Stone Soup version 0.28-a0-1344-g6b9ff3a05d (webtiles) character file.

Game seed: 11844073730092399884

40 Deminshera the Skirmisher (level 3, 0/33 HPs)
             Began as a Ghoul Abyssal Knight on Dec 29, 2021.
             Was a Believer of Lugonu.
             Slain by a gnoll (6 damage)
             ... on level 1 of the Dungeon.
             The game lasted 00:03:55 (883 turns).

Deminshera the Skirmisher (Ghoul Abyssal Knight)     Turns: 883, Time: 00:03:55

Health: 0/33       AC:  7    Str: 18    XL:     3   Next: 50%
Magic:  3/3        EV: 10    Int:  5    God:    Lugonu [**....]
Gold:   50         SH:  0    Dex:  9    Spells: 2/2 levels left

rFire   . . .      SeeInvis .     - Unarmed
rCold   + . .      Faith    .   (no shield)
rNeg    + + +      Spirit   .   f - +0 ring mail
rPois   ∞          Reflect  .   (no helmet)
rElec   .          Harm     .   c - +1 cloak
rCorr   .          Rampage  .   (no gloves)
Will    .....                   (no boots)
Stlth   ..........              (no amulet)
HPRegen 0.00/turn               (no ring)
MPRegen 0.08/turn               (no ring)

@: inhibited regen
A: claws 1, cold resistance 1, negative energy resistance 3, inhibited
regeneration, torment resistance 2
a: Renounce Religion, Depart the Abyss, Bend Space


You were on level 1 of the Dungeon.
You worshipped Lugonu.
Lugonu was pleased with you.
You visited 1 branch of the dungeon, and saw 2 of its levels.
You visited the Abyss 1 time.

You collected 50 gold pieces.

Inventory:

Armour
 c - a +1 cloak (worn)
 f - a +0 ring mail (worn)
Scrolls
 b - a scroll of immolation {unknown}
 d - a scroll of identify {unknown}
 e - a scroll of fog {unknown}


   Skills:
 + Level 3.8 Fighting
 - Level 1.9 Armour
 - Level 1.1 Dodging
 * Level 3.3 Unarmed Combat
 - Level 2.1 Invocations


You had 2 spell levels left.
You didn't know any spells.
Your spell library was empty.

Dungeon Overview and Level Annotations

Branches:
Dungeon (2/15)

Altars:


Innate Abilities, Weirdness & Mutations

You thrive by killing the living.
You are immune to poison.
You have sharp fingernails.
Your flesh is cold resistant. (rC+)
You are immune to negative energy. (rN+++)
You do not regenerate when monsters are visible.
You are immune to unholy pain and torment.


Message History

You barely miss the gnoll.
The gnoll is almost dead.
The gnoll hits you with a +0 whip.
You closely miss the gnoll.
The gnoll is almost dead.
A gnoll comes into view. It is wielding a +0 flail.
The gnoll barely misses you.
You scratch the gnoll but do no damage.
The gnoll is almost dead.
The gnoll hits you with a +0 whip.
You closely miss the gnoll.
The gnoll is almost dead.
The gnoll hits you with a +0 whip!
You are too injured to fight recklessly!
You are too injured to fight recklessly!
You are too injured to fight recklessly!
You are too injured to fight recklessly!
You closely miss the gnoll.
The gnoll is almost dead.
The gnoll hits you with a +0 whip.
* * * LOW HITPOINT WARNING * * *
You scratch the gnoll.
You kill the gnoll!
Lugonu accepts your kill.
You claw the gnoll!
The gnoll is heavily wounded.
The gnoll misses you.
You see here a +0 club.
There is a stone staircase leading up here.
The gnoll hits you with a +0 club.
* * * LOW HITPOINT WARNING * * *
You climb upwards.
There is a stone staircase leading down here.
You closely miss the gnoll.
The gnoll is heavily wounded.
The gnoll closely misses you.
You scratch the gnoll.
The gnoll is severely wounded.
The gnoll hits you with a +0 club.
You die...

.....#....#.....).....##.....# #.
.....######.##........##.....# #.
......####..##........###...## #.
......................# #...# #.
....#.......##...>....###...## #.
...##.......##........)......###.
##.##...#.#.##........###......#.
#.####..........g....# #...##.#.
#.## #.#.#.....@.....# #...##...
#..###..........########..##....
##..#............#### #......#..
.......#####.#......###########..
..........##)#...........######..
.............................)...
...###...###........##########.##
....##.###..................##.#
.......###..###.....#######....#


You could see a gnoll.

Vanquished Creatures
  A gnoll (D:2)
  A dart slug (D:1)
  2 bats (D:1)
  An endoplasm (D:1)
  A giant cockroach (D:1)
  5 goblins (D:1)
  A hobgoblin (D:1)
  6 ball pythons (D:1)
  A frilled lizard (D:1)
  5 kobolds
  4 rats (D:1)
28 creatures vanquished.

Notes
Turn   | Place    | Note
-------+----------+-------------------------------------------
     0 | Abyss:1  | Deminshera the Ghoul Abyssal Knight began the quest for the
                  | Orb.
     0 | Abyss:1  | Reached XP level 1. HP: 19/19 MP: 1/1
    75 | Abyss:1  | Found a corrupted altar of Lugonu.
    94 | D:1      | Escaped the Abyss
   158 | D:1      | Reached skill level 1 in Dodging
   165 | D:1      | Reached XP level 2. HP: 22/26 MP: 2/2
   365 | D:1      | Reached ** piety under Lugonu
   512 | D:1      | Reached XP level 3. HP: 32/33 MP: 3/3
   883 | D:1      | Slain by a gnoll

Illustrated notes

Levels and vault maps discovered:
D:1:      wheals_arrival_linesprint, layout_rooms, serial_glass,
          glass_columns_a, glass_columns_a, glass_columns_b, glass_columns_b,
          glass_columns_c, glass_columns_a, item_on_display_a, feat_on_display,
          feat_on_display, minmay_heptomino_l4
D:2:      layout_loops_corners, hellmonk_ecumenical_altar_lost_god,
          amcnicky_mini_pool_small

Skill      XL: |  1  2 |
---------------+-------+-----
Dodging        | 1 |  1.1
Unarmed Combat | 3 |  3.3
Fighting       | |  3.8
Armour         | |  1.9
Invocations    | |  2.1

Action                   || total
-------------------------++-------
Melee: Unarmed           ||    71
Armor: Leather armour    ||    22
       Ring mail         ||     2
Dodge: Dodged            ||    42

Table legend: (Time is in decaauts)
 A = Elapsed time spent in this place.
 B = Non-inter-level travel time spent in this place.
 C = Inter-level travel time spent in this place.
 D = Time resting spent in this place.
 E = Time spent auto-exploring this place.
 F = Levels seen in this place.
 G = Mean time per level.
                   A        B        C        D        E       F      G
               +--------+--------+--------+--------+--------+-----+--------+
         Total |    879 |    754 |    125 |      0 |    468 |   3 |  293.0 |
       Dungeon |    785 |    660 |    125 |      0 |    468 |   2 |  392.5 |
         Abyss |     94 |     94 |      0 |      0 |      0 |   1 |   94.0 |
               +--------+--------+--------+--------+--------+-----+--------+

Top non-repeatable levels by time:
     D:1: 733 daAuts
 Abyss:1: 94 daAuts
     D:2: 52 daAuts
